 Dungeon Crawl Stone Soup version 0.20-a0-1026-gc3ddcbd (webtiles) character file.

975 Naow the Cleaver (level 7, 0/85 HPs)
             Began as a Minotaur Berserker on Apr 20, 2017.
             Was a Priest of Trog.
             Succumbed to Murumi's ghost's poison
             ... on level 5 of the Dungeon.
             The game lasted 00:06:56 (4220 turns).

Naow the Cleaver (Minotaur Berserker)               Turns: 4220, Time: 00:06:57

Health: 0/85       AC: 23    Str: 26 (27) XL:     7   Next: 95%
Magic:  6/6        EV:  2    Int:  4 (5)  God:    Trog [***...]
Gold:   317        SH:  0    Dex:  7 (10) Spells: 6/6 levels left

rFire    + . .     SeeInvis .   a - +0 hand axe
rCold    + . .     Gourm    .   (no shield)
rNeg     + + +     Faith    .   (armour currently unavailable)
rPois    +         Spirit   .   (helmet currently unavailable)
rElec    +         Reflect  .   (cloak currently unavailable)
rCorr    +         Harm     .   (gloves currently unavailable)
MR       .....     NoTele   +   (boots currently unavailable)
Stlth    +.........             (no amulet)
Regen    0.3/turn               h - ring of positive energy
MPRegen  0.1/turn               p - +3 ring of evasion

@: confused, mighty, lethally poisoned (0 -> -19), exhausted, tree-form,
resistant, hasted and slowed
A: (retaliatory headbutt)
a: Berserk, Trog's Hand, Burn Spellbooks, Renounce Religion


You were on level 5 of the Dungeon.
You worshipped Trog.
Trog was most pleased with you.
You were hungry.
You were a tree.
You visited 1 branch of the dungeon, and saw 5 of its levels.

You collected 317 gold pieces.

Inventory:

Hand Weapons
 a - a +0 hand axe (weapon)
Armour
 b - a +0 animal skin
 k - a cursed +0 plate armour (melded)
 t - a +0 pair of gloves (melded)
Jewellery
 h - a ring of positive energy (left branch)
 p - a +3 ring of evasion (right branch)
Wands
 x - a wand of enslavement (14/24)
Scrolls
 g - 2 scrolls of remove curse {unknown}
 j - 3 scrolls of teleportation {unknown}
 l - 3 scrolls of identify {unknown}
 o - 2 scrolls of enchant weapon {unknown}
 r - a scroll of fog {unknown}
 s - a scroll of magic mapping {unknown}
Potions
 e - a potion of might
 q - a potion of resistance
Comestibles
 c - 4 bread rations
 i - 9 fruits
 m - 3 meat rations


   Skills:
 - Level 3.6 Fighting
 + Level 11.3 Axes
 - Level 2.4 Armour
 - Level 2.1 Dodging


You had 6 spell levels left.
You didn't know any spells.

Dungeon Overview and Level Annotations

Branches:
Dungeon (5/15)
 Temple: D:4-7

Altars:
Cheibriados
Trog
Yredelemnul

Annotations:
D:5 Murumi's ghost, novice NaEn


Innate Abilities, Weirdness & Mutations

((You reflexively headbutt those who attack you in melee.))
((You have a pair of horns on your head.))


Message History

You feel sick.
Murumi's ghost hits you but does no damage.
You nearly hit yourself!
* * * LOW HITPOINT WARNING * * *
You feel sick. Murumi's ghost hits you.
* * * LOW HITPOINT WARNING * * *
You barely miss Murumi's ghost.
* * * LOW HITPOINT WARNING * * *
You feel sick.
Murumi's ghost wails, "There is no future for me!"
Murumi's ghost hits you but does no damage.
You hit Murumi's ghost.
Murumi's ghost is severely damaged.
* * * LOW HITPOINT WARNING * * *
You feel sick.
Murumi's ghost tries to sneak away.
Murumi's ghost hits you but does no damage.
You are more poisoned.
You nearly hit yourself!
You die...

##..# #.###
##.##..## ####..##
# ##..###..##..##
.....## #.
##.....####...
...### #$. ##..###
##.. #### #..##
#### ### # #....##
## #.$.### ###
.########
#...##.....
........#
##.W♣..$....
######..#
##.......<.##
##.####(.##.....##
#..##..####....#
#.....## .....#
#......## .##....
##....(# ## ....
##..... ...
#.###..


You could see Murumi's ghost.

Vanquished Creatures
  Edmund (D:4)
  Duvessa (D:5)
  2 ogres
  A centaur (D:5)
  Dowan (D:5)
  A howler monkey (D:4)
  A centaur skeleton (D:4)
  A hound (D:5)
  An orc priest (D:4)
  An orc wizard (D:4)
  Terence (D:3)
  2 worker ants
  7 gnolls
  4 adders
  An ooze (D:4)
  2 adder skeletons (D:4)
  4 worms
  4 dart slugs
  6 leopard geckos
  4 orcs
  14 bats
  7 giant cockroaches
  7 goblins
  10 hobgoblins
  5 jackals
  2 quokkas
  2 ball pythons
  6 frilled lizards
  5 kobolds
  3 leopard gecko skeletons (D:4)
  6 rats
113 creatures vanquished.

Notes
Turn   | Place    | Note
-------+----------+-------------------------------------------
     0 | D:1      | Naow the Minotaur Berserker began the quest for the Orb.
     0 | D:1      | Reached XP level 1. HP: 19/19 MP: 0/0
    12 | D:1      | Reached skill level 4 in Axes
    52 | D:1      | Reached XP level 2. HP: 26/26 MP: 1/1
   414 | D:1      | Reached skill level 5 in Axes
   501 | D:1      | Reached XP level 3. HP: 31/31 MP: 2/2
   890 | D:2      | Reached ** piety under Trog
   921 | D:2      | Reached skill level 6 in Axes
   921 | D:2      | Reached XP level 4. HP: 39/39 MP: 3/3
  1592 | D:2      | Found a basalt altar of Yredelemnul.
  1595 | D:2      | Found a bloodstained altar of Trog.
  1598 | D:2      | Found a snail-covered altar of Cheibriados.
  1892 | D:3      | Reached XP level 5. HP: 45/45 MP: 4/4
  1962 | D:3      | Reached skill level 7 in Axes
  2201 | D:3      | Noticed Terence
  2208 | D:3      | Killed Terence
  2768 | D:4      | Reached skill level 8 in Axes
  2812 | D:4      | Reached *** piety under Trog
  2812 | D:4      | Reached XP level 6. HP: 51/51 MP: 5/5
  2889 | D:4      | Noticed Edmund
  2914 | D:4      | Killed Edmund
  2914 | D:4      | Reached skill level 9 in Axes
  3265 | D:4      | Reached XP level 7. HP: 57/57 MP: 6/6
  3616 | D:5      | Entered Level 5 of the Dungeon
  3636 | D:5      | Reached skill level 10 in Axes
  3707 | D:5      | Noticed Dowan
  3716 | D:5      | Noticed Duvessa
  3727 | D:5      | Killed Duvessa
  3733 | D:5      | Killed Dowan
  3888 | D:5      | Reached skill level 11 in Axes
  4173 | D:5      | Noticed Murumi's ghost (novice NaEn)
  4217 | D:5      | HP: 4/85 [Murumi's ghost (4)]
  4220 | D:5      | Succumbed to Murumi's ghost's poison

Vault maps used:
D:1:      dpeg_arrival_short_road, grunt_decor_mini_mirrors, due_unseen_surprise
D:2:      grunt_temple_overflow_diamond
D:3:      minmay_door_path, uniq_terence
D:4:      gup_sewer_entry_bowl, grunt_ministairs_1, uniq_edmund
D:5:      serial_shops, nicolae_shop_overgrown_old_shop, first_bread,
          uniq_duvessa

Skill      XL: |  1  2  3  4  5  6  7 |
---------------+----------------------+-----
Axes           | 4 5 6 8 9 11 | 11.3
Fighting       | |  3.6
Armour         | |  2.4
Dodging        | |  2.1

Action                   |  1- 3 |  4- 6 |  7- 9 || total
-------------------------+-------+-------+-------++-------
Melee: Hand axe          |    65 |   166 |    63 ||   294
       Headbutt          |    12 |    29 |     5 ||    46
Invok: Berserk           |     1 |     3 |     2 ||     6
  Use: Potion            |       |       |     7 ||     7
  Eat: Chunk             |       |    10 |     5 ||    15
Armor: Animal skin       |    17 |     5 |       ||    22
       Plate armour      |       |    68 |    29 ||    97
       Skin              |       |       |     9 ||     9
Dodge: Dodged            |    64 |    56 |    21 ||   141
